Map: Ice and Chrome LE

Players

ViBE

  • Race: Protoss Protoss
  • League: Master
  • Spawn Location: 1:00

A.I. 2 (Medium) - Winner!

  • Race: Zerg Zerg
  • Spawn Location: 7:00

VOD

Have the link to the VOD?

Description

Time

  • Played on: July 24, 2020, 5:10 p.m.
  • Length: 18:06
Show
View Real Time Build Order
Export as new Build Order

ViBE Protoss 

Build Orders: 1 Gate Expand, Carriers 

Get SALT Encoding   

  12  0:01  Probe  
  13  0:13  Probe  
  14  0:20  Pylon  
  14  0:25  Probe  
  15  0:36  Probe  
  15  0:40  Gateway  
  16  0:44  Probe  
  16  0:48  Assimilator  
  17  0:53  Probe  
  18  1:05  Probe  
  19  1:17  Probe  
  20  1:25  Nexus  
  20  1:35  Cybernetics Core  
  20  1:40  Probe  
  20  1:46  Assimilator  
  21  1:48  Pylon  
  21  1:53  Probe  
  22  2:04  Stalker  
  22  2:05  Probe  
  23  2:14  Warp Gate  
  25  2:17  Probe  
  26  2:29  Probe  
  27  2:36  Probe  
  27  2:38  Sentry  
  27  2:39  Probe  
  31  2:44  Probe  
  31  2:47  Gateway  
  31  2:49  Shield Battery  
  31  2:50  Probe  
  32  2:52  Robotics Facility  
  32  2:53  Probe  
  34  3:01  Probe  
  34  3:05  Probe  
  36  3:06  Assimilator  
  36  3:07  Sentry  
  36  3:11  Assimilator  
  38  3:14  Probe  
  38  3:15  Probe  
  40  3:23  Probe  
  41  3:27  Probe  
  41  3:29  Pylon  
  41  3:31  Probe  
  42  3:35  Sentry  
  42  3:40  Probe  
  46  3:45  Pylon  
  46  3:47  Probe  
  46  3:48  Sentry  
  49  3:52  Probe, Pylon  
  49  3:54  Pylon  
  50  3:59  Probe  
  51  4:04  Probe  
  51  4:05  Observer, Robotics Bay  
  53  4:17  Nexus  
  53  4:21  Pylon  
  53  4:24  Stalker  
  55  4:27  Stalker  
  57  4:40  Gateway  
  57  4:42  Gateway  
  57  4:44  Probe, Gateway  
  58  4:47  Probe  
  58  4:52  Disruptor  
  59  4:56  Probe  
  59  4:57  Stalker  
  65  5:01  Stalker  
  65  5:02  Probe  
  68  5:08  Probe  
  68  5:09  Assimilator  
  68  5:10  Probe  
  68  5:13  Assimilator  
  69  5:16  Probe  
  69  5:18  Probe  
  71  5:25  Probe, Stalker  
  71  5:26  Stalker  
  77  5:29  Probe x2  
  77  5:33  Disruptor  
  82  5:38  Probe x3  
  85  5:46  Probe x3  
  85  5:47  Stalker  
  87  5:55  Probe  
  87  5:56  Probe x2  
  90  5:57  Stargate  
  93  6:07  Probe  
  93  6:09  Probe x2  
  96  6:12  Disruptor  
  99  6:19  Probe  
  99  6:21  Probe  
  101  6:28  Nexus  
  101  6:29  Pylon  
  101  6:32  Pylon  
  101  6:42  Fleet Beacon  
  101  6:44  Stargate  
  101  6:46  Stargate  
  101  6:48  Stargate  
  101  6:50  Pylon  
  101  6:56  Pylon  
  101  6:58  Probe x3  
  101  6:59  Pylon  
  101  7:00  Stalker x4  
  112  7:03  Stalker  
  112  7:06  Protoss Air Weapons Level 1  
  114  7:10  Probe  
  115  7:20  Twilight Council  
  115  7:22  Forge  
  115  7:24  Carrier  
  115  7:25  Carrier  
  115  7:28  Probe x3, Carrier  
  130  7:40  Probe  
  137  7:44  Probe x2  
  137  7:45  Probe  
  137  7:48  Assimilator  
  140  7:52  Assimilator  
  140  7:54  Pylon  
  140  7:57  Gateway  
  140  7:59  Carrier  
  140  8:00  Probe x4, Gateway  
  140  8:01  Gateway  
  150  8:13  Charge  
  150  8:28  Photon Cannon  
  150  8:31  Photon Cannon  
  150  8:33  Shield Battery  
  150  8:34  Photon Cannon  
  150  8:35  Protoss Shields Level 1  
  150  8:36  Photon Cannon  
  150  8:37  Shield Battery, Photon Cannon  
  150  8:40  Photon Cannon  
  150  8:42  Shield Battery  
  150  8:43  Photon Cannon  
  150  8:46  Pylon  
  150  8:51  Mothership  
  150  8:55  Disruptor  
  158  8:58  Protoss Air Weapons Level 2  
  161  9:03  Carrier  
  167  9:11  Pylon  
  167  9:14  Pylon  
  167  9:19  Carrier x2  
  167  9:28  Carrier  
  179  9:34  Pylon  
  185  9:49  Zealot  
  185  9:52  Nexus  
  187  9:53  Pylon  
  187  9:54  Zealot  
  187  9:55  Zealot x3  
  187  9:56  Pylon  
  195  10:12  Zealot x3  
  199  10:15  Photon Cannon  
  199  10:19  Shield Battery, Photon Cannon  
  199  10:20  Photon Cannon  
  199  10:22  Shield Battery  
  199  10:55  Protoss Shields Level 2  
  199  10:58  Templar Archives  
  199  11:24  Stargate  
  198  11:26  Stargate  
  198  11:33  Carrier x4  
  178  11:47  Zealot x6  
  178  11:48  Zealot  
  178  11:49  Zealot  
  194  12:01  Carrier x2  
  180  12:08  Protoss Air Weapons Level 3  
  186  12:28  Psionic Storm  
  186  12:38  High Templar x7  
  200  12:50  Carrier  
  194  12:52  Protoss Shields Level 3  
  194  13:14  Carrier  
  200  13:33  Assimilator  
  200  13:37  Assimilator  
  186  13:54  Zealot  
  186  13:55  Zealot x6  
  194  14:15  Observer  
  193  14:36  Observer  
  188  15:21  Protoss Air Armor Level 1  
Show
View Real Time Build Order
Export as new Build Order

A.I. 2 (Medium) Zerg - Winner!

Build Orders: 1 Base Baneling Bust, Pool First 

Get SALT Encoding   

  12  0:00  Drone  
  13  0:12  Overlord  
  13  0:16  Drone  
  14  0:30  Drone  
  14  0:33  Drone  
  16  0:43  Spawning Pool  
  16  0:44  Drone  
  16  0:48  Drone  
  17  0:52  Extractor  
  17  0:55  Drone  
  17  1:06  Overlord  
  17  1:29  Queen  
  17  1:31  Zergling x2  
  20  1:37  Roach Warren  
  20  1:38  Drone  
  20  1:39  Extractor  
  19  1:43  Zergling x2  
  20  1:49  Drone  
  21  2:00  Drone  
  22  2:10  Overlord  
  22  2:21  Roach  
  24  2:33  Roach  
  24  2:36  Overlord  
  26  2:44  Roach  
  26  2:49  Drone  
  29  2:53  Drone  
  29  2:56  Roach  
  32  3:06  Drone  
  32  3:08  Roach, Baneling Nest  
  32  3:10  Drone  
  35  3:14  Drone  
  35  3:19  Drone  
  37  3:28  Drone  
  38  3:37  Evolution Chamber  
  38  3:39  Drone, Overlord  
  38  3:41  Roach  
  40  5:22  Drone, Overlord, Lair  
  40  5:24  Spore Crawler  
  40  5:25  Drone, Spore Crawler  
  40  5:27  Evolution Chamber  
  40  5:28  Drone  
  40  5:31  Drone  
  41  5:50  Spine Crawler, Drone  
  41  5:51  Spine Crawler  
  41  5:53  Drone  
  41  6:04  Zergling x2  
  28  6:15  Roach  
  30  6:19  Overseer  
  30  6:20  Queen, Overseer  
  30  6:22  Hydralisk Den  
  30  6:23  Drone  
  32  6:25  Infestation Pit  
  32  6:26  Drone  
  32  6:27  Roach, Spire  
  32  6:29  Drone  
  34  6:33  Hatchery  
  34  6:38  Roach  
  35  6:45  Drone  
  36  6:50  Roach  
  40  7:01  Roach  
  40  7:12  Hydralisk  
  42  7:23  Hydralisk  
  44  7:35  Hydralisk  
  46  7:45  Queen, Drone  
  46  7:46  Hydralisk  
  46  7:48  Drone  
  52  7:51  Drone  
  52  7:54  Drone  
  52  7:57  Extractor, Drone  
  54  7:59  Spore Crawler  
  54  8:00  Drone  
  54  8:03  Drone, Spore Crawler  
  54  8:05  Spore Crawler  
  53  8:06  Drone  
  53  8:08  Drone  
  53  8:11  Drone  
  56  8:14  Drone  
  56  8:17  Drone  
  58  8:20  Drone  
  58  8:23  Drone  
  58  8:24  Overlord  
  58  8:26  Drone  
  61  8:28  Spine Crawler  
  61  8:29  Drone  
  61  8:30  Spine Crawler  
  60  8:37  Drone  
  60  8:40  Drone  
  62  8:48  Drone  
  63  8:51  Drone  
  63  8:53  Drone  
  65  8:56  Drone  
  65  8:59  Drone  
  65  9:01  Overlord  
  67  9:04  Overseer  
  67  9:19  Drone, Overlord  
  68  9:32  Pneumatized Carapace  
  68  9:33  Hive, Overseer  
  68  9:41  Overlord  
  68  9:55  Zerg Melee Weapons Level 1  
  68  10:00  Overlord  
  68  10:04  Zergling x2  
  68  10:06  Zerg Ground Armor Level 1  
  50  10:16  Hydralisk  
  52  10:27  Extractor  
  52  10:28  Burrow  
  51  10:29  Hydralisk  
  53  10:42  Hydralisk  
  53  10:48  Greater Spire, Ultralisk Cavern  
  54  10:55  Hydralisk  
  53  11:05  Overseer  
  53  11:07  Queen  
  53  11:09  Zergling x2, Overlord  
  52  11:21  Hydralisk  
  54  11:28  Hatchery  
  54  11:29  Drone  
  54  11:35  Ultralisk  
  60  11:47  Hydralisk  
  60  11:50  Zerg Missile Weapons Level 1  
  62  12:01  Drone, Spire, Ultralisk  
  68  12:14  Ultralisk  
  74  12:40  Queen, Drone  
  74  12:43  Drone  
  78  12:45  Drone  
  78  12:47  Overlord  
  78  12:48  Extractor, Drone  
  79  12:51  Drone, Spore Crawler  
  79  12:54  Drone, Spore Crawler  
  79  12:57  Extractor, Drone  
  79  13:00  Drone  
  79  13:02  Spore Crawler  
  79  13:03  Drone  
  79  13:04  Overseer  
  80  13:06  Drone, Overlord  
  80  13:08  Drone  
  80  13:11  Drone  
  83  13:14  Drone  
  83  13:17  Overseer  
  83  13:19  Spine Crawler  
  83  13:20  Spine Crawler  
  83  13:24  Drone, Overlord  
  83  13:27  Drone  
  83  13:30  Drone  
  83  13:32  Zerg Melee Weapons Level 2  
  83  13:33  Drone  
  86  13:41  Ultralisk  
  90  13:43  Zerg Ground Armor Level 2, Overlord  
  90  13:45  Overseer  
  90  13:46  Overlord  
  78  13:48  Overseer  
  78  13:51  Overlord  
  71  14:04  Hydralisk  
  71  14:07  Overseer  
  71  14:09  Overlord  
  67  14:15  Ultralisk  
  73  14:25  Hydralisk  
  73  14:27  Overlord  
  75  14:35  Zergling x2  
  75  14:36  Overseer  
  76  14:46  Overlord, Ultralisk  
  82  14:56  Ultralisk  
  88  15:04  Overlord  
  88  15:06  Ultralisk  
  94  15:13  Zerg Flyer Weapons Level 1  
  94  15:23  Drone, Overlord, Ultralisk  
  101  15:32  Hydralisk  
  101  15:35  Zerg Flyer Armor Level 1  
  103  15:41  Drone, Overlord  
  103  15:42  Hydralisk  
  104  15:44  Drone  
  104  15:48  Zerg Missile Weapons Level 2  
  107  16:28  Hatchery  
  106  16:57  Ultralisk  
  106  17:33  Hydralisk  
  106  17:35  Overseer  
  106  17:36  Overlord  
  100  17:40  Roach  
  100  17:43  Overseer  
  65  17:45  Extractor, Drone x3  
  65  17:46  Roach  
  65  17:48  Spore Crawler  
  65  17:50  Spore Crawler  
  58  17:53  Extractor  
  58  17:55  Spine Crawler  
  62  18:00  Extractor  
  62  18:01  Spore Crawler  
  59  18:06  Spore Crawler  
Tags
 
Add a new tag
Caveats
  • Supply blocks, unpowered buildings, or Contaminate may cause inaccurate times.
  • Supply counts are checked every 10 seconds.